 Dungeon Crawl Stone Soup version bcrawl-1.13.5 (webtiles) character file.

Game seed: 5985963898579450185

53 Engwar the Slasher (level 3, -1/23 HPs)
             Began as a Skeleton Reaver on Sept 2, 2019.
             Was a Follower of Vehumet.
             Slain by a goblin
             ... wielding a +0 club
             ... led by Robin
              (3 damage)
             ... on level 2 of the Dungeon.
             The game lasted 00:03:23 (1033 turns).

Engwar the Slasher (Skeleton Reaver)                Turns: 1033, Time: 00:03:23

Health: -1/23      AC:  8    Str: 17      XL:     3   Next: 64%
Magic:  0/8        EV: 12    Int: 12 (13) God:    Vehumet [*.....]
Gold:   73         SH:  0    Dex:  7      Spells: 8/9 levels left

rFire    . . .     SeeInvis .   a - +1 long sword
rCold    + . .     Gourm    .   (no shield)
rNeg     + + +     Faith    .   b - +2 steam dragon scales
rPois    ∞         Spirit   +   (no helmet)
rElec    .         Reflect  .   (no cloak)
rCorr    .         Harm     .   f - +0 pair of gloves
MR       .....                  (no boots)
Stlth    +.........             (no amulet)
HPRegen  0.07/turn              (no ring)
MPRegen  0.11/turn              (no ring)

@: no status effects
A: no food or potions, cold resistance 1, deterioration 1, negative energy
resistance 3, torment resistance, unbreathing, magic shield, sturdy frame 1,
spell healing
a: Renounce Religion


You were on level 2 of the Dungeon.
You worshipped Vehumet.
Vehumet was aware of your devotion.
You were not hungry.

You visited 1 branch of the dungeon, and saw 2 of its levels.

You collected 73 gold pieces.

Inventory:

Hand Weapons
 a - a +1 long sword (weapon)
Armour
 b - +2 steam dragon scales (worn)
 f - a +0 pair of gloves (worn)
Scrolls
 c - 3 scrolls of immolation


   Skills:
 - Level 3.0 Fighting
 + Level 4.7 Long Blades
 - Level 3.0 Dodging
 - Level 3.7 Spellcasting
 + Level 1.8 Conjurations


You had 8 spell levels left.
You knew the following spells:

 Your Spells              Type           Power        Failure   Level  Hunger
a - Shock                 Conj/Air       #....        16%         1    N/A

Your spell library contained the following spells:

 Spells                   Type           Power        Failure   Level  Hunger
 Iskenderun's Battlesphe  Conj/Chrm      #.......     99%         5    N/A

Dungeon Overview and Level Annotations

Branches:
Dungeon (2/12)

Altars:
Hepliaklqana

Annotations:
D:2 Robin


Innate Abilities, Weirdness & Mutations

You do not eat or drink.
You are immune to poison.
Your flesh is cold resistant. (rC+)
Your body sometimes deteriorates upon taking damage.
You are immune to negative energy. (rN+++)
You are immune to unholy pain and torment.
You can survive without breathing.
When hurt, damage is shared between your health and your magic reserves.
Your movements are slightly less encumbered by armour. (ER -2)
Casting spells heals you.


Message History

The goblin hits you with a +0 dagger. The goblin barely misses you.
The goblin misses you.
A kobold comes into view.
You hit the goblin.
You kill the goblin!
Vehumet accepts your kill. Robin throws the goblin at you!
The goblin misses you. The goblin barely misses you.
You slash the goblin!
You kill the goblin!
Vehumet accepts your kill.
You feel your power returning. Robin barely misses you. The goblin hits you.
* * * LOW HITPOINT WARNING * * *
The hobgoblin hits you with a +0 club.
* * * LOW HITPOINT WARNING * * *
The goblin closely misses you.
Things that are here:
a +0 dagger; a scroll labeled NEPUYXZESI; a goblin corpse Robin throws the goblin at you!
The goblin hits you with a +0 club.
You die...

..............)...##.....
................#........
................#.##.....
..........###...#.##...##
####...### #...>....#.##
#....####.#..........
###...............##.
#g.###.<........... ##@#
##..........#.
#.#####...........
#.gg###.........##
###.#...........
#gg.#........#
#)###.#.......
#g###.##...#.# #sK##.#
#.## ##.##.# ..#


You could see Robin, a hobgoblin and 2 goblins.

Vanquished Creatures
  An ooze (D:1)
  A worm (D:2)
  3 leopard geckos
  3 giant cockroaches
  6 hobgoblins
  3 kobolds
  4 bats (D:1)
  3 frilled lizards
  12 goblins
  4 rats
40 creatures vanquished.

Notes
Turn   | Place    | Note
-------+----------+-------------------------------------------
     0 | D:1      | Engwar the Skeleton Reaver began the quest for the Orb.
     0 | D:1      | Reached XP level 1. HP: 14/14 MP: 4/4
   107 | D:1      | Reached skill level 4 in Long Blades
   109 | D:1      | Reached XP level 2. HP: 11/19 MP: 4/6
   314 | D:1      | Reached * piety under Vehumet
   314 | D:1      | Offered knowledge of Shock by Vehumet.
   325 | D:1      | Learned a level 1 spell: Shock
   702 | D:1      | Reached skill level 1 in Conjurations
   725 | D:1      | Reached XP level 3. HP: 23/23 MP: 8/8
   852 | D:2      | Found a hazy altar of Hepliaklqana.
  1007 | D:2      | Noticed Robin
  1033 | D:2      | Slain by a goblin

Skill      XL: |  1  2 |
---------------+-------+-----
Long Blades    | 4 |  4.7
Conjurations   | 1 |  1.8
Fighting       | |  3.0
Dodging        | |  3.0
Spellcasting   | |  3.7

Action                   || total
-------------------------++-------
Melee: Long sword        ||    92
 Cast: Shock             ||    10
  Use: Scroll            ||     5
Armor: Steam dragon scal ||    51
Dodge: Dodged            ||    79
